Map: 虚空撕裂

Players

二年级二班永亮

  • Race: Zerg Zerg
  • League: Gold

悲觞乁述祱微笑

  • Race: Terran Terran
  • Spawn Location: 6:00

VOD

Have the link to the VOD?

Description

Time

  • Played on: March 13, 2018, 7:10 p.m.
  • Length: 14:37
Show
View Real Time Build Order
Export as new Build Order

二年级二班永亮 Zerg 

Build Orders:  

Get SALT Encoding   

  12  0:03  Infested SCV  
  13  0:11  Infested SCV  
  13  0:18  Infested SCV  
  15  0:29  Overlord  
  15  0:55  Infested SCV  
  15  0:56  Infested SCV  
  17  1:05  Infested SCV  
  18  1:29  Infested Command Center  
  18  1:34  Infested SCV  
  18  1:37  Infested SCV  
  20  1:53  Overlord  
  20  2:07  Infested Barracks  
  20  2:10  Infested Refinery  
  20  2:13  Infested SCV  
  21  2:26  Infested Refinery  
  21  2:27  Infested SCV  
  22  2:44  Infested Engineering Bay  
  22  2:48  Infested SCV  
  23  2:58  Infested SCV  
  24  3:15  Infested SCV x3  
  27  3:20  Infested SCV  
  27  3:23  Anaerobic Enhancement  
  28  3:47  Infested SCV x2  
  30  4:02  Infested Command Center  
  34  4:11  Infested Bunker  
  34  4:20  Infested SCV x4  
  38  4:38  Infested SCV  
  39  4:47  Infested Barracks Tech Lab  
  39  4:50  Stukov Infantry Weapons Level 1  
  39  4:53  Infested SCV  
  39  4:54  Infested SCV  
  39  4:56  Infested SCV  
  39  4:57  Overlord, Infested SCV  
  43  5:04  Infested Colonist Compound  
  43  5:09  Broodling Gestation  
  43  5:16  Retinal Augmentation  
  43  5:22  Infested Bunker  
  47  5:34  Infested Bunker  
  51  6:02  Infested Factory  
  51  6:23  Infested Bunker  
  51  6:42  Infestation Level 1  
  51  6:43  Overlord  
  51  6:44  Overlord x2  
  51  7:32  Infested Bunker  
  51  7:37  Infested Bunker  
  67  7:49  Stukov Infantry Weapons Level 2  
  71  8:21  Infested Bunker  
  71  8:24  Plagued Munitions  
  71  8:27  Infested Bunker  
  75  8:36  Infested Armory  
  71  9:17  Infested Bunker x2  
  71  9:19  Overlord x3  
  75  9:20  Overlord  
  75  9:33  Infestation Level 2  
  75  9:39  Infested Marine  
  76  9:40  Infested Marine x2  
  82  9:51  Infested Bunker  
  90  10:23  Infested SCV  
  90  10:24  Infested Bunker, Infested SCV  
  89  10:41  Infested Bunker  
  89  10:59  Regenerative Plating  
  89  11:21  Infested Marine  
  89  11:22  Infested Marine x9  
  89  11:23  Infested Marine x6  
  89  11:27  Infested Bunker  
  93  11:53  Infested Bunker  
  93  11:54  Infested Bunker  
  93  11:56  Infested Marine x5  
  93  11:57  Infested Marine x3  
  93  11:59  Calcified Armor  
  109  12:06  Infested Bunker  
  109  12:09  Infested Bunker  
  106  12:16  Infested Bunker  
  94  12:28  Infested Bunker  
  94  12:29  Infestation Level 3  
  87  12:38  Infested Barracks, Infested Bunker  
  91  12:43  Infested Bunker  
  87  13:02  Infested Marine  
  87  13:04  Infested Marine x7  
  94  13:14  Infested Bunker  
  94  13:15  Infested Bunker  
  94  13:18  Infested Bunker  
  94  13:22  Infested Bunker  
  94  13:28  Infested Marine x3  
  94  13:29  Infested Marine x10  
  105  13:37  Infested Marine  
  105  13:38  Infested Marine  
  104  13:49  Infested Marine  
  105  13:50  Infested Marine  
  105  13:57  Infested Bunker x2  
  105  14:00  Infested Bunker  
  94  14:15  Infested Bunker  
  97  14:21  Infested Bunker  
  97  14:24  Infested Bunker  
Show
View Real Time Build Order
Export as new Build Order

悲觞乁述祱微笑 Terran 

Build Orders:  

Get SALT Encoding   

  9  11:29  Supply Depot  
Tags
 
Commander
RaynorStukov
League
Gold
Matchup
Co-op
Replay Pack
Co-op Speedrun
Add a new tag
Caveats
  • Supply blocks, unpowered buildings, or Contaminate may cause inaccurate times.
  • Supply counts are checked every 10 seconds.